 Dungeon Crawl Stone Soup version 0.31.0-2-g5a2aebc5c2 (webtiles) character file.

Game seed: 1564424338876845074

1685588 Sobieck the Acrobat (level 26, 256/256 HPs)
             Began as a Demigod Hunter on Jan 20, 2024.
             Escaped with the Orb
             ... and 3 runes!
             The game lasted 04:15:36 (71652 turns).

Sobieck the Acrobat (Demigod Hunter)               Turns: 71652, Time: 04:15:37

Health: 256/256    AC: 21    Str: 12    XL:     26   Next: 17%
Magic:  42/42      EV: 75    Int:  8    God:
Gold:   8839       SH: 24    Dex: 63    Spells: 38/45 levels left

rFire   . . .        v - +9 hand cannon (freeze)
rCold   + . .        R - +0 kite shield
rNeg    . . .        L - +1 leather armour of Wauty {+Inv rC+ Regen+ Int-3}
rPois   +            E - +2 helmet {SInv}
rElec   +            s - +4 dragonskin cloak
rCorr   .            t - +3 pair of gloves of Oxeg {Dex+5 Stlth-}
SInv    +            B - +1 pair of boots of Temperance {Dex+3}
Will    +++++        g - amulet "Viataz" {Spirit ^Fragile rElec Str+2}
Stlth   +            o - ring "Veucliwk" {rPois Will+++ Slay+4 Stlth-}
HPRegen 1.42/turn    r - +6 ring of dexterity
MPRegen 0.28/turn

%: random rage (3%), guardian spirit
@: studying 3 skills
A: high MP 1, forlorn, divine attributes, claws 1, berserk 1, weak 1, inability
to read after injury 2, sturdy frame 1, persistent drain
0: Orb of Zot
}: 3/15 runes: decaying, silver, gossamer
a: Evoke Invisibility


You escaped.
You visited 10 branches of the dungeon, and saw 50 of its levels.
You also visited: Sewer, Bailey and Ice Cave.

You collected 10849 gold pieces.
You spent 2010 gold pieces at shops.

Inventory:

Hand Weapons
 v - a +9 hand cannon of freezing (weapon)
 y - the +9 orcbow "Galiwoar" {heavy, Str+2 Int+4}
   (You found it on level 3 of the Realm of Zot)

   Str+2:     It affects your strength (+2).
   Int+4:     It affects your intelligence (+4).
Missiles
 Z - 3 throwing nets
Armour
 j - the +0 cloak of Negation {Fly Str-2 Int+4 Dex+4}
   (You found it on level 2 of the Dungeon)

   Str-2:     It affects your strength (-2).
   Int+4:     It affects your intelligence (+4).
   Dex+4:     It affects your dexterity (+4).
   Fly:       It grants you flight.
 s - the +4 dragonskin cloak (worn)
   (You took it off Tiamat on level 1 of the Realm of Zot)

   Avatar's Aegis: It grants the wearer a chance to resist fire, cold, poison,
   electricity, acid, and negative energy.
 t - the +3 pair of gloves of Oxeg (worn) {Dex+5 Stlth-}
   (You bought it in a shop on level 10 of the Dungeon)

   Dex+5:     It affects your dexterity (+5).
   Stlth-:    It makes you less stealthy.
 B - the +1 pair of boots of Temperance (worn) {Dex+3}
   (You found it on level 4 of the Spider Nest)

   Dex+3:     It affects your dexterity (+3).
 E - a +2 helmet of see invisible (worn)
 L - the +1 leather armour of Wauty (worn) {+Inv rC+ Regen+ Int-3}
   (You took it off an orc on level 8 of the Dungeon)

   Int-3:     It affects your intelligence (-3).
   rC+:       It protects you from cold.
   +Inv:      It lets you turn invisible.
   Regen+:    It increases your rate of health regeneration.
 R - a +0 kite shield (worn)
Jewellery
 c - a ring of protection from cold
 f - a ring of protection from fire
 g - the amulet "Viataz" (around neck) {Spirit ^Fragile rElec Str+2}
   (You found it on level 1 of the Lair of Beasts)

   [amulet of guardian spirit]

   Spirit:    It causes incoming damage to be divided between your reserves of
   health and magic.
   Str+2:     It affects your strength (+2).
   rElec:     It insulates you from electricity.
   ^Fragile:  It will be destroyed if unequipped.
 n - a ring of positive energy
 o - the ring "Veucliwk" (left hand) {rPois Will+++ Slay+4 Stlth-}
   (You acquired it on level 1 of the Swamp)

   [ring of slaying]

   Slay+4:    It affects your accuracy & damage with ranged weapons and melee
   (+4).
   rPois:     It protects you from poison Will+++: It greatly increases your
   willpower.
   Stlth-:    It makes you less stealthy.
 r - a +6 ring of dexterity (right hand)
Wands
 A - a wand of mindburst (29)
 D - a wand of digging (14)
 I - a wand of quicksilver (37)
 P - a wand of paralysis (62)
 V - a wand of flame (108)
 X - a wand of roots (87)
Scrolls
 a - 3 scrolls of summoning
 b - 6 scrolls of blinking
 d - 12 scrolls of vulnerability
 e - 11 scrolls of fear
 k - a scroll of noise
 l - 4 scrolls of revelation
 w - 4 scrolls of silence {!r}
 x - a scroll of enchant armour
 z - 12 scrolls of fog
 F - 7 scrolls of poison
 G - 9 scrolls of immolation
 T - 29 scrolls of teleportation
Potions
 h - 10 potions of ambrosia
 i - 10 potions of enlightenment
 p - 8 potions of might
 q - 7 potions of attraction
 u - 5 potions of invisibility
 C - a potion of cancellation
 H - a potion of haste
 M - 12 potions of brilliance
 Q - 37 potions of curing
 S - 4 potions of heal wounds
 Y - 6 potions of magic
Miscellaneous
 m - a lightning rod (4/4)
 K - a phantom mirror
 N - a sack of spiders
 O - a condenser vane
 U - a phial of floods


   Skills:
 + Level 24.7 Fighting
 - Level 18.0 Ranged Weapons
 - Level 12.0 Armour
 - Level 26.0 Dodging
 - Level 0.8 Stealth
 - Level 16.0 Shields
 - Level 10.0 Spellcasting
 - Level 10.0 Hexes
 - Level 10.0 Translocations
 - Level 11.0 Evocations


You had 38 spell levels left.
You knew the following spells:

 Your Spells              Type           Power      Damage    Failure   Level
a - Dimensional Bullseye  Hex/Tloc       10%        N/A       4%          4
b - Blink                 Tloc           40%        N/A       1%          2
c - Apportation           Tloc           40%        N/A       1%          1

Your spell library contained the following spells:

 Spells                   Type           Power      Damage    Failure   Level
 Slow                     Hex            80%        N/A       1%          1
 Confusing Touch          Hex            20%        N/A       1%          3
 Sigil of Binding         Hex            20%        N/A       1%          3
 Tukima's Dance           Hex            20%        N/A       1%          3
 Cause Fear               Hex            10%        N/A       4%          4
 Ensorcelled Hibernation  Hex/Ice        24%        N/A       6%          2
 Dazzling Flash           Conj/Hex       24%        N/A       12%         3
 Inner Flame              Hex/Fire       12%        N/A       12%         3
 Volatile Blastmotes      Fire/Tloc      24%        2d12      12%         3
 Foxfire                  Conj/Fire      16%        2x1d4     30%         1
 Kiss of Death            Conj/Necr      16%        2d6       30%         1
 Magic Dart               Conj           16%        1d3       30%         1
 Necrotise                Necr           16%        1d4       30%         1
 Shock                    Conj/Air       16%        1d4       30%         1
 Sting                    Conj/Alch      16%        1d4       30%         1
 Summon Small Mammal      Summ           16%        N/A       30%         1
 Anguish                  Hex/Necr       6%         N/A       36%         4
 Iskenderun's Mystic Bla  Conj/Tloc      12%        2d5       36%         4
 Vhi's Electric Charge    Tloc/Air       24%        N/A       36%         4
 Call Imp                 Summ           8%         N/A       41%         2
 Mercury Vapours          Alch/Air       8%         N/A       41%         2
 Scorch                   Fire           8%         2d5       41%         2
 Static Discharge         Conj/Air       8%         3-4/arc   41%         2
 Sublimation of Blood     Necr           4%         N/A       41%         2
 Dispersal                Tloc           10%        N/A       58%         6
 Call Canine Familiar     Summ           4%         N/A       65%         3
 Frozen Ramparts          Ice            8%         1d2       65%         3
 Hailstorm                Conj/Ice       4%         3d5       65%         3
 Mephitic Cloud           Conj/Alch/Air  4%         N/A       65%         3
 Passwall                 Erth           4%         N/A       65%         3
 Stone Arrow              Conj/Erth      8%         3d7       65%         3
 Summon Ice Beast         Ice/Summ       4%         N/A       65%         3
 Swiftness                Air            4%         N/A       65%         3
 Vampiric Draining        Necr           4%         2d6       65%         3
 Metabolic Englaciation   Hex/Ice        6%         N/A       71%         5
 Silence                  Hex/Air        6%         N/A       71%         5
 Summon Forest            Summ/Tloc      6%         N/A       71%         5
 Summon Mana Viper        Hex/Summ       12%        N/A       71%         5
 Yara's Violent Unravell  Hex/Alch       6%         3d5       71%         5
 Airstrike                Air            2%         2d(1-17)  96%         4
 Animate Armour           Summ/Erth      8%         N/A       96%         4
 Animate Dead             Necr           4%         N/A       96%         4
 Brom's Barrelling Bould  Conj/Erth      4%         2d3       96%         4
 Dispel Undead            Necr           4%         3d7       96%         4
 Flame Wave               Conj/Fire      4%         2d5       96%         4
 Ignite Poison            Fire/Alch      4%         N/A       96%         4
 Leda's Liquefaction      Alch/Erth      2%         N/A       96%         4
 Martyr's Knell           Necr/Summ      4%         N/A       96%         4
 Olgreb's Toxic Radiance  Alch           4%         N/A       96%         4
 Petrify                  Alch/Erth      4%         N/A       96%         4
 Sticky Flame             Fire/Alch      4%         2d4       96%         4
 Summon Blazeheart Golem  Fire/Summ      4%         N/A       96%         4
 Summon Lightning Spire   Summ/Air       4%         N/A       96%         4
 Enfeeble                 Hex            10%        N/A       99%         7
 Arcjolt                  Conj/Air       2%         1d12      100%        5
 Borgnjor's Vile Clutch   Necr/Erth      2%         N/A       100%        5
 Fireball                 Conj/Fire      2%         3d4       100%        5
 Freezing Cloud           Conj/Ice/Air   2%         6-21      100%        5
 Lee's Rapid Deconstruct  Erth           2%         3d4*      100%        5
 Bombard                  Conj/Erth      2%         9d1       100%        6
 Death Channel            Necr           2%         N/A       100%        6
 Plasma Beam              Fire/Air       2%         2x1d12    100%        6
 Sculpt Simulacrum        Ice/Alch       2%         N/A       100%        6
 Starburst                Conj/Fire      2%         6d3       100%        6
 Summon Cactus Giant      Summ           2%         N/A       100%        6
 Haunt                    Necr/Summ      2%         N/A       100%        7
 Orb of Destruction       Conj           2%         9d5       100%        7
 Ozocubu's Refrigeration  Ice            2%         4d7       100%        7
 Spellforged Servitor     Conj/Summ      2%         N/A       100%        7
 Summon Hydra             Summ           2%         N/A       100%        7
 Discord                  Hex            10%        N/A       100%        8
 Ignition                 Fire           2%         3d3       100%        8
 Infestation              Necr           2%         N/A       100%        8
 Lehudib's Crystal Spear  Conj/Erth      2%         10d2      100%        8
 Chain Lightning          Conj/Air       2%         3d2       100%        9
 Dragon's Call            Summ           2%         N/A       100%        9
 Fire Storm               Conj/Fire      2%         8d1       100%        9
 Polar Vortex             Ice            2%         N/A       100%        9
 Shatter                  Erth           2%         3d6*      100%        9


Dungeon Overview and Level Annotations

Branches:
Dungeon (15/15)            Temple (0/1) D:6            Lair (5/5) D:11
  Swamp (4/4) Lair:3       Spider (4/4) Lair:2        Slime (0/5) Lair:4
    Orc (2/2) D:11            Elf (3/3) Orc:2        Vaults (5/5) D:13
  Crypt (3/3) Vaults:3     Depths (4/4) D:15            Zot (5/5) Depths:4
  Sewer (visited)          Bailey (visited)           IceCv (visited)
   Tomb: Crypt:3

Shops:
D:6 ?   D:7 [?::   D:10 [   D:12 *   Orc:2 ?((*   Elf:1 [   Vaults:1 (
Vaults:2 [   Crypt:1 *   Depths:3 *

Portals:
Hell: Depths:1 Depths:2 Depths:3 Depths:4
Abyss: Depths:1 Depths:2 Depths:3
Pandemonium: Depths:2
Ziggurat: Depths:4

Annotations:
Swamp:1 exclusion: downstairs
Elf:2 3 runed translucent doors
Vaults:3 1 runed translucent door, Bidatih's ghost, adept MiBe
Vaults:5 ! V%
Depths:1 3 runed translucent doors, Poanarph's ghost, veteran GrAl


Innate Abilities, Weirdness & Mutations

You have an increased reservoir of magic. (+10% MP)
You shall have no god before yourself.
Your divine heritage dramatically boosts your attributes as you level up.
You have sharp fingernails.
You sometimes lose your temper in combat.
You are weak. (Str -2)
You sometimes lose the ability to read scrolls when taking damage.
Your movements are slightly less encumbered by armour. (ER -2)
Your health recovers twice as slowly from being drained.


Message History

You climb upwards.
There is a stone staircase leading down here.
Things that are here:
a +0 scale mail; a +0 short sword You see here a +0 falchion.
There is a stone staircase leading up here.
You climb upwards.
There is a stone staircase leading down here.
There is a stone staircase leading up here.
You climb upwards.
There is a stone staircase leading down here.
There is a stone staircase leading up here.
You climb upwards.
There is a stone staircase leading down here.
An orange demon comes into view.
The orange demon screeches!
Danger!
You shoot a bolt. The bolt hits the orange demon!!!
The bolt freezes the orange demon!
You kill the orange demon!
No target in view!
There is a stone staircase leading up here.
You climb upwards.
There is a stone staircase leading down here.
A cherub comes into view.
It is wielding a +0 falchion of flaming.
Danger!
You shoot a bolt. The bolt completely misses the cherub.
You shoot a bolt. The bolt hits the cherub!!!
The bolt freezes the cherub!
The cherub is almost dead.
The cherub unwields a +0 falchion of flaming.
It stops flaming.
The cherub wields a +0 sling.
The cherub shoots a sling bullet.
The sling bullet completely misses you.
You shoot a bolt. The bolt hits the cherub!!!
The bolt freezes the cherub!
You kill the cherub!
No target in view!
What level of the Dungeon? (default 1, ? - help)
Okay, then.
Unknown command.
Okay, then.
Okay, then.
Items here: )) [[.
Things that are here:
4 stones; a +0 whip You see here a +0 dagger.
You see here a +1 short sword of flaming.
You see here 8 stones.
There is an open door here.
There is a staircase leading out of the dungeon here.
Unknown command.
You have escaped!

###############
#⌠≈≈≈≈.⌠.....⌠#
#≈≈≈≈.........#
#≈≈≈..........#
#@..##...##..>#
#...##...##...#
#.............#
#######'#######
#.#
#.##########
#.(.........
########.##)
#.##.


There were no monsters in sight!

Vanquished Creatures
  3 dread liches
  Tiamat (Zot:1)
  3 ancient liches
  Mara (Spider:4)
  8 orbs of fire
  3 royal mummies (Crypt:2)
  Sojobo (Crypt:2)
  Boris (Depths:4)
  2 Killer Klowns (Zot:5)
  Margery (Vaults:4)
  4 curse toes
  13 golden dragons
  2 bone dragons (Depths:4)
  Nikola (Spider:3)
  3 doom hounds (Zot:1)
  A Tzitzimitl (D:13)
  A Brimstone Fiend (D:10)
  A hellephant (Vaults:4)
  3 electric golems
  20 tentacled monstrosities
  28 Orb Guardians
  Grunn (Zot:1)
  6 sphinxes
  A deep elf blademaster (Elf:3)
  9 quicksilver dragons
  9 titans
  5 liches
  2 walking divine tomes (Depths:3)
  13 death cobs
  3 ancient champions
  2 Executioners
  Kirke (Lair:4)
  Frances (D:13)
  Agnes (Spider:4)
  Gastronok (Lair:2)
  A thorn hunter (Swamp:4)
  Donald (Swamp:3)
  7 protean progenitors
  5 draconian monks
  17 storm dragons
  Roxanne (Spider:1)
  7 tengu reavers
  3 revenants
  19 shadow dragons
  6 iron dragons
  5 draconian knights
  6 draconian shifters
  7 frost giants
  10 deep elf sorcerers
  7 emperor scorpions
  7 fire giants
  21 vault wardens
  8 draconian scorchers
  4 spectral caustic shrikes (Depths:2)
  4 draconian stormcallers
  3 balrugs
  6 ghost moths
  2 orc warlords
  15 very ugly things
  2 deep elf elementalists
  6 draconian annihilators
  2 quicksilver oozes (Zot:4)
  15 stone giants
  2 spriggan defenders (Depths:3)
  5 ghouls
  20 ironbound preservers
  12 deep elf death magi
  8 ironbound thunderhulks
  4 formless jellyfish
  A lorocyproca (D:15)
  13 green draconians
  2 broodmothers (Spider:1)
  7 deep elf demonologists
  11 vampire knights
  5 deep elf annihilators
  12 black draconians
  3 bunyips
  9 eleionomae
  9 purple draconians
  2 war gargoyles (Zot:4)
  12 yellow draconians
  9 spark wasps
  16 dire elephants
  9 red draconians
  13 white draconians
  An eidolon (Crypt:3)
  2 jiangshi (Crypt:2)
  7 ettins
  2 green deaths (Swamp:4)
  3 mummy priests
  11 fire dragons
  5 entropy weavers
  8 great orbs of eyes
  Josephine (D:12)
  37 vault guards
  21 yaktaur captains
  A shambling mangrove (Swamp:3)
  2 rakshasas
  6 ice dragons
  4 deep elf high priests
  2 hell beasts
  3 spriggan air magi
  A spriggan zombie (Crypt:1)
  5 ogre magi
  Erica (D:9)
  10 boulder beetles
  2 ghost crabs
  15 hydras
  A jorogumo (Spider:1)
  7 alligators
  7 ironbound frosthearts
  12 centaur warriors
  4 death knights
  A catoblepas (Lair:5)
  13 dancing weapons
  9 two-headed ogres
  12 deep troll shamans
  28 death yaks
  3 titan zombies
  9 deep troll earth magi
  3 occultists (Depths:1)
  8 tengu warriors
  7 vampire magi
  A storm dragon zombie (D:15)
  9 demonic crawlers
  3 spriggan berserkers
  19 hell knights
  5 iron trolls
  14 deep elf knights
  A skyshark (shapeshifter) (Vaults:1)
  A spectral death yak (Lair:5)
  A soul eater (Crypt:1)
  A sun demon (Depths:2)
  4 skysharks
  A storm dragon skeleton (D:15)
  5 pharaoh ants
  A spectral anaconda (Lair:5)
  5 goliath frogs
  A sixfirhy (Depths:3)
  26 skeletal warriors
  A spark wasp zombie (D:15)
  5 spriggan druids
  6 shadow wraiths
  16 flayed ghosts
  4 large abominations
  An anaconda zombie (Crypt:1)
  5 sun moths
  3 cherubim
  7 glowing orange brains
  2 orb spiders (shapeshifter)
  14 arcanists
  78 deep trolls
  A snapping turtle (shapeshifter) (Vaults:5)
  12 bog bodies
  23 ironbound convokers
  A shadow dragon zombie (Crypt:2)
  8 orb spiders
  12 deep elf archers
  9 lindwurms
  A shadow demon (D:9)
  11 orc knights
  8 swamp dragons
  9 steelbarb worms
  A lindwurm (shapeshifter) (Spider:1)
  A tengu zombie (Vaults:2)
  2 stone giant zombies
  31 phantasmal warriors
  An iron giant skeleton (Crypt:1)
  An obsidian statue (Lair:5)
  27 deep elf zephyrmancers
  17 wolf spiders
  57 ugly things
  17 necromancers
  11 harpies
  A frost giant zombie (Vaults:1)
  25 deep elf pyromancers
  2 orc sorcerers
  A shining eye (shapeshifter) (Vaults:5)
  8 cyclopes
  6 manticores
  A fire giant zombie (Depths:1)
  3 will-o-the-wisps
  39 elephants
  4 meliai
  2 oklob plants
  A fire giant skeleton (Depths:1)
  26 moths of wrath
  A stone giant skeleton (Vaults:1)
  2 frost giant skeletons (Depths:3)
  2 human zombies
  2 iron dragon skeletons
  2 dire elephant zombies (Lair:5)
  A water nymph (shapeshifter) (Vaults:5)
  32 vault sentinels
  A black mamba (shapeshifter) (D:14)
  An ice statue (IceCv)
  A kobold blastminer (Orc:2)
  2 rust devils (Zot:3)
  3 black mambas
  2 orange demons
  4 smoke demons (Crypt:3)
  Joseph (D:8)
  A titan simulacrum (Depths:1)
  6 gargoyles
  11 cane toads
  2 torpor snails
  Jeremiah (D:9)
  23 yaktaurs
  An orb spider zombie (Crypt:1)
  A kobold demonologist (D:14)
  A rime drake (Lair:3)
  A wolf spider (shapeshifter) (Depths:4)
  A tormentor (D:15)
  6 komodo dragons
  7 freezing wraiths
  An unseen horror (D:12)
  An efreet (D:14)
  A black draconian skeleton (Crypt:2)
  A catoblepas skeleton (Crypt:1)
  3 tengu conjurers
  2 harpy zombies (Crypt:1)
  3 yaktaur skeletons
  9 polar bears
  A golden dragon simulacrum (Depths:3)
  2 queen bees (shapeshifter) (Elf:2)
  A red devil (Depths:2)
  2 spriggan skeletons (Depths:1)
  12 trolls
  An iron troll skeleton (Crypt:2)
  2 harpy skeletons (Crypt:1)
  14 hornets
  4 bloated husks
  Prince Ribbit (Bailey)
  23 blink frogs
  10 tyrant leeches
  A stone giant simulacrum (Crypt:1)
  24 tarantellas
  A fire dragon zombie (Crypt:1)
  An elf zombie (Vaults:2)
  2 glass eyes (Depths:3)
  A hydra skeleton (Crypt:1)
  55 slime creatures
  An elf skeleton (Vaults:3)
  5 air elementals
  23 jumping spiders
  15 culicivoras
  A black mamba zombie (Crypt:1)
  9 water elementals
  A deep troll skeleton (Vaults:2)
  A spriggan (shapeshifter) (Vaults:5)
  2 centaur simulacra
  11 spriggans
  10 shadows
  16 wraiths
  127 yaks
  3 wyverns
  A dire elephant simulacrum (Lair:5)
  2 fire elementals
  23 humans
  2 hogs (Lair:4)
  A warg (D:11)
  4 basilisks
  40 redbacks
  Menkaure (D:4)
  A fire bat zombie (Crypt:1)
  2 vampire mosquitoes (Swamp:4)
  A spectral cane toad (Lair:5)
  2 swamp worms (shapeshifter)
  A glowing shapeshifter skeleton (Vaults:1)
  11 swamp worms
  Duvessa (D:7)
  An acid dragon (D:13)
  13 water moccasins
  A naga skeleton (Crypt:1)
  A sky beast (D:7)
  18 orc warriors
  2 swamp drakes
  A black bear (Lair:1)
  12 laughing skulls
  2 elephant skeletons (Lair:5)
  22 ogres
  32 wolves
  A boggart (Vaults:1)
  13 centaurs
  A kobold brigand (D:8)
  2 phantoms (D:4)
  2 weeping skulls (Crypt:1)
  18 bullfrogs
  A glowing shapeshifter simulacrum (Depths:3)
  3 necrophages
  4 scorpions
  A cane toad simulacrum (Lair:5)
  An earth elemental (Elf:1)
  3 gnoll sergeants
  A salamander skeleton (Crypt:1)
  A small abomination (Swamp:4)
  Dowan (D:7)
  16 wights
  A yak zombie (Crypt:1)
  A human simulacrum (Vaults:3)
  7 killer bees
  4 electric eels (D:11)
  3 howler monkeys
  A bombardier beetle (D:5)
  3 jellies
  2 hounds
  A gnoll bouda (D:6)
  13 orc priests
  3 sleepcaps
  A centaur skeleton (Crypt:2)
  A human skeleton (Crypt:1)
  2 iguanas
  21 orc wizards
  4 hell rats (Lair:4)
  An ogre skeleton (Crypt:1)
  A hound skeleton (Crypt:2)
  Robin (D:4)
  12 adders
  18 gnolls
  A howler monkey skeleton (Crypt:2)
  2 river rats (Sewer)
  A shadow imp (D:7)
  A white imp (D:6)
  4 ufetubi
  A jelly zombie (Crypt:1)
  An adder skeleton (Crypt:2)
  2 ribbon worms (D:6)
  A dart slug (D:2)
  61 orcs
  5 endoplasms
  6 giant cockroaches
  26 goblins
  13 hobgoblins
  3 quokkas (D:1)
  21 ball pythons
  4 bats
  6 frilled lizards
  17 kobolds
  25 rats
  A rat zombie (Crypt:2)
  2 aspiring fleshes
2526 creatures vanquished.

Vanquished Creatures (collateral kills)
  Arachne (Spider:2)
  A hell knight (Vaults:4)
2 creatures vanquished.

Vanquished Creatures (others)
  A fire giant (Depths:3)
  A ghost moth (Zot:5)
  A swamp worm (Swamp:1)
  An orc warrior (Vaults:5)
4 creatures vanquished.

Grand Total: 2532 creatures vanquished

Notes
Turn   | Place    | Note
-------+----------+-------------------------------------------
     0 | D:1      | Sobieck the Demigod Hunter began the quest for the Orb.
     0 | D:1      | Reached XP level 1. HP: 17/17 MP: 3/3
   168 | D:1      | Reached XP level 2. HP: 24/24 MP: 4/4
   641 | D:2      | Identified the +0 ring mail "Xopsarcho" {Int+4}
   745 | D:2      | Reached XP level 3. HP: 29/29 MP: 5/5
   849 | D:2      | Identified the +0 cloak of Negation {Fly Str-2 Int+4 Dex+4}
  1531 | D:3      | Reached XP level 4. HP: 36/36 MP: 6/6
  1985 | D:4      | Noticed an ogre
  2043 | D:4      | Reached skill level 6 in Ranged Weapons
  2043 | D:4      | Reached XP level 5. HP: 41/41 MP: 7/7
  2086 | D:4      | Killed an ogre
  2087 | D:4      | Reached XP level 6. HP: 48/48 MP: 8/8
  2117 | D:4      | Noticed Menkaure
  2513 | D:4      | Noticed Robin
  2639 | D:4      | Killed Robin
  2931 | D:4      | Killed Menkaure
  2932 | D:4      | Reached XP level 7. HP: 53/53 MP: 9/9
  3520 | D:5      | Entered Level 5 of the Dungeon
  3912 | D:5      | Reached skill level 9 in Ranged Weapons
  4407 | D:6      | Reached XP level 8. HP: 60/60 MP: 10/10
  4625 | D:6      | Found a glowing drain.
  4629 | Sewer    | Entered a sewer
  4799 | Sewer    | Reached skill level 2 in Dodging
  4994 | Sewer    | Reached skill level 3 in Fighting
  5582 | D:6      | Found Taiwecw's Magic Scroll Shoppe.
  5589 | D:6      | Bought a scroll of silence for 133 gold pieces
  5589 | D:6      | Bought a scroll of fog for 56 gold pieces
  5663 | D:6      | Found a staircase to the Ecumenical Temple.
  5875 | D:7      | Reached skill level 1 in Armour
  6087 | D:7      | Noticed Duvessa
  6088 | D:7      | Noticed Dowan
  6099 | D:7      | Killed Duvessa
  6103 | D:7      | Killed Dowan
  6191 | D:7      | Reached skill level 3 in Armour
  6337 | D:7      | Found Panaeloy's Book Shoppe.
  6378 | D:7      | Found Juit's Tremendous Tomes.
  6666 | D:7      | Reached XP level 9. HP: 74/74 MP: 11/11
  6704 | D:7      | Reached skill level 6 in Fighting
  6999 | D:7      | Found Burpha Kauf's Armour Shoppe.
  7016 | D:7      | Found Zaurim's Magic Scroll Boutique.
  7024 | D:7      | Bought a scroll of blinking for 112 gold pieces
  7813 | D:8      | Reached skill level 3 in Dodging
  7938 | D:8      | Reached XP level 10. HP: 39/84 MP: 13/13
  8258 | D:8      | Reached skill level 4 in Dodging
  8335 | D:8      | Noticed Joseph
  8340 | D:8      | Killed Joseph
  8446 | D:8      | Identified the +1 leather armour of Wauty {+Inv rC+ Regen+
                  | Int-3}
  9209 | D:9      | Reached skill level 5 in Dodging
  9215 | D:9      | Reached skill level 12 in Ranged Weapons
  9393 | D:9      | Noticed Jeremiah
  9395 | D:9      | Noticed Erica
  9631 | D:9      | Killed Jeremiah
 10228 | D:9      | Killed Erica
 10508 | D:10     | Entered Level 10 of the Dungeon
 10518 | D:10     | Found Ruwk's Armour Shop.
 10562 | D:10     | Found a flagged portal.
 10582 | Bailey   | Entered a bailey
 10599 | Bailey   | Reached XP level 11. HP: 73/94 MP: 14/14
 10726 | Bailey   | Noticed Prince Ribbit
 10728 | Bailey   | Noticed a vault guard
 10732 | Bailey   | Killed Prince Ribbit
 10739 | Bailey   | Killed a vault guard
 10740 | Bailey   | Reached skill level 6 in Dodging
 10783 | Bailey   | Noticed a vault guard
 10791 | Bailey   | Killed a vault guard
 11168 | D:10     | Noticed a two-headed ogre
 11219 | D:10     | Killed a two-headed ogre
 11896 | D:11     | Found a staircase to the Orcish Mines.
 12081 | D:11     | Found a staircase to the Lair.
 12093 | Orc:1    | Entered Level 1 of the Orcish Mines
 12115 | Orc:1    | Reached skill level 9 in Fighting
 12506 | D:10     | Bought the +3 pair of gloves of Oxeg {Dex+5 Stlth-} for 605
                  | gold pieces
 12570 | D:11     | Noticed a death yak
 12576 | D:11     | Reached skill level 7 in Dodging
 12602 | D:11     | Killed a death yak
 12736 | D:11     | Reached XP level 12. HP: 105/105 MP: 15/15
 13460 | D:12     | Reached skill level 8 in Dodging
 13462 | D:12     | Noticed Josephine
 13465 | D:12     | Killed Josephine
 13589 | D:12     | Noticed a centaur warrior
 13592 | D:12     | Killed a centaur warrior
 13973 | D:12     | Reached skill level 15 in Ranged Weapons
 13989 | D:12     | Found Cejibiut's Gadget Gallery.
 14424 | D:13     | Noticed a centaur warrior
 14467 | D:13     | Killed a centaur warrior
 14530 | D:13     | Noticed a centaur warrior
 14586 | D:13     | Noticed a centaur warrior
 14591 | D:13     | Killed a centaur warrior
 14636 | D:13     | Killed a centaur warrior
 14637 | D:13     | Reached skill level 9 in Dodging
 14642 | D:13     | Reached XP level 13. HP: 78/114 MP: 16/16
 14821 | D:13     | Identified the +1 plate armour "Omutiafy" {Int+5}
 15127 | D:13     | Noticed Frances
 15140 | D:13     | Killed Frances
 15794 | D:13     | Found a gate to the Vaults.
 15956 | D:13     | Reached skill level 10 in Dodging
 16195 | D:13     | Got the Octavo of the Ironbound Chill
 16322 | Lair:1   | Entered Level 1 of the Lair of Beasts
 16922 | Lair:1   | Identified the amulet "Viataz" {Spirit ^Fragile rElec
                  | Str+2}
 17620 | Lair:2   | Reached XP level 14. HP: 125/125 MP: 17/17
 17843 | Lair:2   | Noticed Gastronok
 17850 | Lair:2   | Killed Gastronok
 17920 | Lair:2   | Found a hole to the Spider Nest.
 18092 | Lair:2   | Reached skill level 12 in Fighting
 19431 | Lair:3   | Reached skill level 11 in Dodging
 19674 | Lair:3   | Reached skill level 18 in Ranged Weapons
 20039 | Lair:3   | Found a staircase to the Swamp.
 20177 | Lair:4   | Found the +10 Black Knight's barding {ponderous, rPois rN+}
 20283 | Lair:4   | Reached skill level 1 in Evocations
 20314 | Lair:4   | Noticed Kirke
 20325 | Lair:4   | Killed Kirke
 20623 | Lair:4   | Found a staircase to the Slime Pits.
 20856 | Lair:4   | Identified the +1 robe of Ethics {rPois rC++ Int+4}
 21039 | Lair:5   | Entered Level 5 of the Lair of Beasts
 21125 | Lair:5   | Reached skill level 3 in Evocations
 21128 | Lair:5   | Reached skill level 6 in Armour
 21160 | Lair:5   | Reached XP level 15. HP: 136/136 MP: 18/18
 21571 | Lair:5   | Found a frozen archway.
 21584 | IceCv    | Entered an ice cave
 21798 | IceCv    | Identified the +8 plate armour "Ofumn" {Harm +Inv rPois}
 21802 | IceCv    | Identified the +4 plate armour of the Wereyak {rC+}
 21818 | IceCv    | Reached skill level 12 in Dodging
 22524 | Lair:5   | Got Yrenauz's Elucidation of Amalgamated Unhallowed Secrets
 22933 | Lair:5   | Reached skill level 6 in Evocations
 23146 | Lair:5   | Identified the +4 sling "Lomomeil" {heavy, rPois rC- Str+2}
 23538 | Orc:2    | Entered Level 2 of the Orcish Mines
 23538 | Orc:2    | Found a staircase to the Elven Halls.
 23682 | Orc:2    | Reached skill level 13 in Dodging
 23682 | Orc:2    | Reached XP level 16. HP: 147/147 MP: 19/19
 23718 | Orc:2    | Found Ytruafiy's Antique Weapon Boutique.
 23744 | Orc:2    | Found Xetsagic's Magic Scroll Emporium.
 23750 | Orc:2    | Found Omuymage's General Store.
 23753 | Orc:2    | Found Uluc Cal's Weapon Boutique.
 24217 | Orc:2    | Bought a scroll of enchant armour for 90 gold pieces
 24217 | Orc:2    | Bought a scroll of blinking for 90 gold pieces
 24217 | Orc:2    | Bought a scroll of fear for 48 gold pieces
 24231 | Orc:2    | Bought a scroll of fog for 68 gold pieces
 24231 | Orc:2    | Bought a scroll of blinking for 127 gold pieces
 24339 | D:12     | Bought a phial of floods for 520 gold pieces
 24557 | D:14     | Reached skill level 15 in Fighting
 25009 | D:15     | Entered Level 15 of the Dungeon
 25635 | D:15     | Found a staircase to the Depths.
 26129 | Swamp:1  | Entered Level 1 of the Swamp
 26180 | Swamp:1  | You are sucked into a shaft and drop 1 floor!
 26227 | Swamp:2  | Reached skill level 9 in Evocations
 26230 | Swamp:1  | Reached skill level 14 in Dodging
 26661 | Swamp:1  | Identified a scroll of acquirement
 26683 | Swamp:1  | Acquired the ring "Veucliwk" {rPois Will+++ Slay+4 Stlth-}
 27881 | Swamp:3  | Reached XP level 17. HP: 158/158 MP: 20/20
 28055 | Swamp:3  | Noticed Donald
 28057 | Swamp:3  | Killed Donald
 28442 | Swamp:4  | Entered Level 4 of the Swamp
 28964 | Swamp:4  | Reached skill level 15 in Dodging
 29221 | Swamp:4  | Got a decaying rune of Zot
 29356 | Swamp:4  | Identified the +0 robe of Subjectivity {rC- Int+2 Archmagi}
 29634 | Spider:1 | Entered Level 1 of the Spider Nest
 30039 | Spider:1 | Noticed Roxanne
 30071 | Spider:1 | Killed Roxanne
 31773 | Spider:2 | Noticed Arachne
 31789 | Spider:2 | Killed Arachne
 32485 | Spider:2 | Reached skill level 16 in Dodging
 33762 | Spider:3 | Noticed Nikola
 33769 | Spider:3 | Killed Nikola
 33770 | Spider:3 | Reached XP level 18. HP: 170/170 MP: 21/21
 34191 | Spider:4 | Entered Level 4 of the Spider Nest
 34458 | Spider:4 | Noticed Agnes
 34469 | Spider:4 | Killed Agnes
 34723 | Spider:4 | Identified the +2 ring mail of the Four Invaders {Int+5}
 34789 | Spider:4 | Noticed Mara
 34798 | Spider:4 | Killed Mara
 35530 | Spider:4 | Reached skill level 18 in Fighting
 36381 | Spider:4 | Got a gossamer rune of Zot
 36397 | Spider:4 | Identified the +1 pair of boots of Temperance {Dex+3}
 36736 | Elf:1    | Entered Level 1 of the Elven Halls
 36778 | Elf:1    | Reached skill level 17 in Dodging
 37429 | Elf:1    | Found Kieng's Antique Armour Shoppe.
 38002 | Elf:2    | Identified a ring of Feud {Ice rElec Will+ Int-5}
 38047 | Elf:2    | Identified the +9 great sword of Hiolomyele {vamp, rC+ rN+
                  | Stlth+}
 38249 | Elf:2    | Identified the +0 chain mail of Gunnyof {Str+2}
 38289 | Elf:2    | Found a runed translucent gate.
 38289 | Elf:2    | Found a runed translucent gate.
 38293 | Elf:2    | Found a runed translucent gate.
 38435 | Elf:3    | Entered Level 3 of the Elven Halls
 39242 | Elf:3    | Reached skill level 18 in Dodging
 39247 | Elf:3    | Reached XP level 19. HP: 183/183 MP: 22/22
 39705 | Elf:3    | Identified the amulet "Fadesk" {RegenMP Str+4}
 39812 | Elf:3    | Learned a level 4 spell: Dimensional Bullseye
 39861 | Elf:3    | Identified the +1 spear "Mawof" {protect, Fly rPois MP-9}
 39861 | Elf:3    | Identified the amulet of Qazlal's Inspiration {Reflect
                  | -Tele rPois rF- Regen+ SH+5}
 39865 | Elf:3    | Reached skill level 1 in Hexes
 39865 | Elf:3    | Reached skill level 1 in Translocations
 39869 | Elf:3    | Identified the staff of the Four Quests {rCorr Int+3 Dex+2
                  | Conj}
 39884 | Elf:3    | Got Duewoen's Guide on Dislocation and Anathema
 39957 | Elf:3    | Got the Papyrus of Malisons and the Welkin
 39963 | Elf:3    | Got the Secrets of Misfortune
 40031 | Elf:3    | Identified the +0 chain mail of Disguise {Harm Str+3 Dex-4
                  | Stlth+}
 40394 | Vaults:1 | Entered Level 1 of the Vaults
 40507 | Vaults:1 | Reached skill level 3 in Hexes
 40507 | Vaults:1 | Reached skill level 3 in Translocations
 40859 | Vaults:1 | You are sucked into a shaft and drop 1 floor!
 40864 | Vaults:2 | Found Zues's Armour Shop.
 41418 | Vaults:1 | Reached skill level 6 in Translocations
 41424 | Vaults:1 | Reached skill level 6 in Hexes
 41972 | Vaults:1 | Found Zopniuzxil's Weapon Emporium.
 42520 | Vaults:2 | Reached skill level 1 in Spellcasting
 42642 | Vaults:2 | Reached XP level 20. HP: 193/193 MP: 27/27
 42740 | Vaults:2 | Learned a level 2 spell: Blink
 43599 | Vaults:3 | Reached skill level 9 in Hexes
 43599 | Vaults:3 | Reached skill level 9 in Translocations
 44037 | Vaults:3 | Found a runed translucent door.
 44037 | Vaults:3 | Noticed Bidatih's ghost (adept MiBe)
 44052 | Vaults:3 | Reached skill level 3 in Spellcasting
 44414 | Vaults:3 | Found a staircase to the Crypt.
 44955 | Vaults:4 | Learned a level 1 spell: Apportation
 44992 | Vaults:4 | Identified the ring of the Hero {rF+ rC- Dex+4}
 45097 | Vaults:4 | Noticed Margery
 45110 | Vaults:4 | Killed Margery
 45472 | Vaults:4 | Reached XP level 21. HP: 201/201 MP: 33/33
 45561 | Vaults:4 | Reached skill level 9 in Armour
 45959 | Vaults:4 | Identified the +0 ring mail "Roraongu" {rElec Will+ Slay+2}
 46276 | Crypt:1  | Entered Level 1 of the Crypt
 46293 | Crypt:1  | Reached skill level 19 in Dodging
 46488 | Crypt:1  | Found Piofeeqa's Round Resellers.
 47703 | Crypt:1  | Got Kikubaaqudgha's Incunabulum of Rot
 48031 | Crypt:2  | Noticed Sojobo
 48374 | Crypt:2  | Paralysed by an air elemental for 1 turns
 48380 | Crypt:2  | Paralysed by an air elemental for 1 turns
 48389 | Crypt:2  | Paralysed by an air elemental for 1 turns
 48397 | Crypt:2  | Paralysed by an air elemental for 1 turns
 48408 | Crypt:2  | Killed Sojobo
 49163 | Crypt:2  | Reached skill level 20 in Dodging
 49223 | Crypt:2  | Reached skill level 12 in Armour
 49647 | Crypt:2  | Noticed a royal mummy
 49649 | Crypt:2  | Noticed a royal mummy
 49661 | Crypt:2  | Killed a royal mummy
 49670 | Crypt:2  | Killed a royal mummy
 49743 | Crypt:2  | Found the +7 sceptre of Torment {pain, torment}
 49797 | Crypt:2  | Noticed a royal mummy
 49830 | Crypt:2  | Killed a royal mummy
 50009 | Crypt:3  | Entered Level 3 of the Crypt
 50155 | Crypt:3  | Reached XP level 22. HP: 209/209 MP: 34/34
 50412 | Crypt:3  | Identified the +7 scale mail "Tarucw" {Str+3 Stlth+}
 50999 | Crypt:3  | Reached skill level 21 in Dodging
 51417 | Depths:1 | Entered Level 1 of the Depths
 51884 | Depths:1 | Found a gateway to Hell.
 51980 | Depths:1 | Found a runed translucent gate.
 51980 | Depths:1 | Found a runed translucent gate.
 51980 | Depths:1 | Found a runed translucent gate.
 51980 | Depths:1 | Noticed Poanarph's ghost (veteran GrAl)
 52113 | Depths:1 | Reached skill level 22 in Dodging
 52146 | Depths:1 | Found a one-way gate to the infinite horrors of the Abyss.
 52303 | Depths:2 | Acquired 905 gold pieces
 52331 | Depths:2 | Noticed a caustic shrike
 52572 | Depths:2 | Identified the maw talisman of the Butcher {Dex+2}
 52779 | Depths:2 | Found a one-way gate leading to the halls of Pandemonium.
 53395 | Depths:3 | Found Evvuc's General Store.
 53404 | Depths:3 | Bought a scroll of enchant weapon for 105 gold pieces
 53404 | Depths:3 | Bought a potion of might for 56 gold pieces
 53864 | Depths:3 | Reached skill level 21 in Fighting
 54091 | Depths:3 | Found the amulet of the Air {Inacc Air Fly rElec RMsl}
 54560 | Depths:4 | Entered Level 4 of the Depths
 55016 | Depths:4 | Reached XP level 23. HP: 223/223 MP: 36/36
 55135 | Depths:4 | Found a one-way gateway to a ziggurat.
 55329 | Depths:4 | Reached skill level 6 in Spellcasting
 55330 | Depths:4 | Noticed Boris
 55338 | Depths:4 | Killed Boris
 55963 | Depths:4 | Found a gate to the Realm of Zot.
 56293 | Vaults:5 | Entered Level 5 of the Vaults
 57051 | Vaults:5 | Reached skill level 9 in Spellcasting
 57390 | Vaults:5 | Reached skill level 1 in Shields
 57499 | Vaults:5 | Reached skill level 3 in Shields
 57647 | Vaults:5 | Noticed a dread lich
 57647 | Vaults:5 | Noticed an ancient lich
 57654 | Vaults:5 | Killed an ancient lich
 57669 | Vaults:5 | Killed a dread lich
 57670 | Vaults:5 | Reached skill level 6 in Shields
 57876 | Vaults:5 | Got a silver rune of Zot
 57999 | Vaults:5 | Identified the +1 leather armour of Negligence {rPois Str+3
                  | Int-3 Dex+3}
 58050 | Vaults:5 | Reached skill level 9 in Shields
 58110 | Vaults:5 | Got the Disquisition on Red Resurrection
 58466 | Vaults:5 | Got the Directory of Displaced Frost
 58559 | Vaults:5 | Got Rodui's Precepts of Transmuted Curses
 59753 | Zot:1    | Entered Level 1 of the Realm of Zot
 60160 | Zot:1    | Found the +4 dragonskin cloak
 60160 | Zot:1    | Noticed Tiamat
 60168 | Zot:1    | Reached skill level 12 in Shields
 60173 | Zot:1    | Reached XP level 24. HP: 205/231 MP: 40/42
 60193 | Zot:1    | Killed Tiamat
 60322 | Zot:1    | Noticed Grunn
 60345 | Zot:1    | Killed Grunn
 60796 | Zot:1    | Reached skill level 15 in Shields
 60964 | Zot:2    | Noticed an orb of fire
 60968 | Zot:2    | Gained mutation: You are clumsy. (Dex -2) [an orb of fire]
 60972 | Zot:1    | Gained mutation: You are dopey. (Int -2) [an orb of fire]
 60976 | Zot:1    | Killed an orb of fire
 61803 | Zot:2    | Acquired 1126 gold pieces
 62540 | Zot:3    | Reached skill level 23 in Dodging
 63244 | Zot:3    | Identified the +9 orcbow "Galiwoar" {heavy, Str+2 Int+4}
 63345 | Zot:3    | Reached skill level 24 in Dodging
 63665 | Zot:4    | Noticed an orb of fire
 63666 | Zot:4    | Gained mutation: You sometimes lose your temper in combat.
                  | [an orb of fire]
 63667 | Zot:4    | Gained mutation: Armour fits poorly on your strangely
                  | shaped body. [an orb of fire]
 63669 | Zot:4    | Killed an orb of fire
 63682 | Zot:3    | Lost mutation: You sometimes lose your temper in combat.
                  | [potion of mutation]
 63682 | Zot:3    | Lost mutation: You are clumsy. (Dex -2) [potion of
                  | mutation]
 63682 | Zot:3    | Lost mutation: Armour fits poorly on your strangely shaped
                  | body. [potion of mutation]
 63682 | Zot:3    | Gained mutation: You are partially covered in iridescent
                  | scales. (AC +2) [potion of mutation]
 63682 | Zot:3    | Gained mutation: You have a beak for a mouth. [potion of
                  | mutation]
 63682 | Zot:3    | Gained mutation: You have sharp toenails. [potion of
                  | mutation]
 63683 | Zot:3    | Lost mutation: You are dopey. (Int -2) [potion of mutation]
 63683 | Zot:3    | Lost mutation: You have sharp toenails. [potion of
                  | mutation]
 63683 | Zot:3    | Gained mutation: Your spells are a little harder to cast,
                  | but a little more powerful. [potion of mutation]
 63683 | Zot:3    | Lost mutation: You are partially covered in iridescent
                  | scales. (AC +2) [potion of mutation]
 63684 | Zot:3    | Lost mutation: Your spells are a little harder to cast, but
                  | a little more powerful. [potion of mutation]
 63684 | Zot:3    | Lost mutation: You have a beak for a mouth. [potion of
                  | mutation]
 63684 | Zot:3    | Gained mutation: You have a considerably increased
                  | reservoir of magic. (+20% MP) [potion of mutation]
 63943 | Zot:4    | Reached XP level 25. HP: 240/240 MP: 46/46
 64830 | Zot:4    | Identified the +4 ring mail of Hepleipn {Str+2}
 65131 | Zot:5    | Entered Level 5 of the Realm of Zot
 65409 | Zot:5    | Reached skill level 24 in Fighting
 66428 | Zot:5    | Noticed an ancient lich
 66433 | Zot:5    | Noticed an orb of fire
 66434 | Zot:5    | Noticed an orb of fire
 66435 | Zot:5    | Lost mutation: You have a considerably increased reservoir
                  | of magic. (+20% MP) [an orb of fire]
 66435 | Zot:5    | Gained mutation: You occasionally lose the ability to read
                  | scrolls when taking damage. [an orb of fire]
 66436 | Zot:5    | Gained mutation: You are clumsy. (Dex -2) [an orb of fire]
 66442 | Zot:4    | Killed an ancient lich
 66486 | Zot:5    | Gained mutation: You are weak. (Str -2) [an orb of fire]
 66492 | Zot:5    | Killed an orb of fire
 66497 | Zot:5    | Noticed an orb of fire
 66504 | Zot:5    | Gained mutation: You are very clumsy. (Dex -4) [an orb of
                  | fire]
 66512 | Zot:5    | Gained mutation: You are dopey. (Int -2) [an orb of fire]
 66515 | Zot:5    | Killed an orb of fire
 66708 | Zot:5    | Noticed a dread lich
 66727 | Zot:5    | Gained mutation: You are frail. (-10% HP) [an orb of fire]
 66728 | Zot:5    | Noticed an orb of fire
 66731 | Zot:5    | Gained mutation: You are vulnerable to heat. (rF-) [an orb
                  | of fire]
 66734 | Zot:4    | Gained mutation: Your spells are a little easier to cast,
                  | but a little less powerful. [an orb of fire]
 66738 | Zot:4    | Killed an orb of fire
 66746 | Zot:5    | Gained mutation: You are very weak. (Str -4) [an orb of
                  | fire]
 66753 | Zot:4    | Killed a dread lich
 66756 | Zot:5    | Gained mutation: Your body sometimes deteriorates upon
                  | taking damage. [an orb of fire]
 66759 | Zot:5    | Killed an orb of fire
 66760 | Zot:5    | Lost mutation: You are very clumsy. (Dex -4) [potion of
                  | mutation]
 66760 | Zot:5    | Lost mutation: You are frail. (-10% HP) [potion of
                  | mutation]
 66760 | Zot:5    | Lost mutation: You are dopey. (Int -2) [potion of mutation]
 66760 | Zot:5    | Lost mutation: Your spells are a little easier to cast, but
                  | a little less powerful. [potion of mutation]
 66760 | Zot:5    | Lost mutation: You are clumsy. (Dex -2) [potion of
                  | mutation]
 66761 | Zot:5    | Lost mutation: You are vulnerable to heat. (rF-) [potion of
                  | mutation]
 66761 | Zot:5    | Lost mutation: Your body sometimes deteriorates upon taking
                  | damage. [potion of mutation]
 66761 | Zot:5    | Lost mutation: You are very weak. (Str -4) [potion of
                  | mutation]
 66761 | Zot:5    | Gained mutation: Your movements are slightly less
                  | encumbered by armour. (ER -2) [potion of mutation]
 66761 | Zot:5    | Gained mutation: You have sharp fingernails. [potion of
                  | mutation]
 66948 | Zot:5    | Noticed a dread lich
 66951 | Zot:5    | Reached skill level 25 in Dodging
 66955 | Zot:5    | Killed a dread lich
 67338 | Zot:5    | Noticed an orb of fire
 67346 | Zot:5    | Killed an orb of fire
 67350 | Zot:5    | Noticed an ancient lich
 67353 | Zot:5    | Killed an ancient lich
 68044 | Zot:5    | Noticed an orb of fire
 68045 | Zot:5    | Gained mutation: You sometimes lose the ability to read
                  | scrolls when taking damage. [an orb of fire]
 68050 | Zot:5    | Killed an orb of fire
 68919 | Zot:5    | Noticed an orb of fire
 70538 | Zot:5    | Reached skill level 26 in Dodging
 70829 | Zot:5    | Reached XP level 26. HP: 254/254 MP: 42/42
 71031 | Zot:5    | Got the Orb of Zot
 71048 | Zot:5    | Gained mutation: You sometimes lose your temper in combat.
                  | [an orb of fire]
 71049 | Zot:5    | Gained mutation: Your health recovers twice as slowly from
                  | being drained. [an orb of fire]
 71092 | Zot:3    | Noticed Feok Jysh the pandemonium lord
 71652 | D:$      | Escaped with the Orb!

Illustrated notes

Levels and vault maps discovered:
D:1:      amcnicky_arrival_flooded_fountain, layout_loops_ring
D:2:      layout_rooms, basic_altar, kennysheep_decorative_pillar,
          grunt_decor_one_mirror
D:3:      layout_rooms, ashenzari_altar_1, nicolae_overflow_hallway_of_the_gods,
          nicolae_uskayaw_murder_on_the_dancefloor
D:4:      layout_basic, nicolae_wu_jian_glorious_leap, uniq_menkaure, uniq_robin
D:5:      layout_basic
D:6:      layout_gridville, mainiacjoe_overflow_24_doors,
          minmay_temple_entry_butterflies, gup_sewer_entry_spiral, serial_shops,
          shop, minivault_10, chequers_serial_rivers_micro_a
D:7:      corexii_shantytown, layout_layer_cave, serial_shops, shop, shop,
          kennysheep_little_box, nicolae_zen_rock_garden,
          nicolae_shop_i_like_big_books, chequers_jeans,
          serial_library_regret_index_double_sided, uniq_duvessa
D:8:      layout_basic, mainiacjoe_overflow_paths, uniq_joseph
D:9:      layout_loops_cross, uniq_erica, uniq_jeremiah
D:10:     layout_gridville, lemuel_coloured_pillars_altar, serial_shops, shop,
          enter_bailey_3
D:11:     argonaut_augean_stables, layout_basic, erik_lair_orcish_takeover,
          st_stairs_4
D:12:     layout_cave_pools, dreamdust_wishing_well, minivault_26,
          nicolae_benzene_ring, nicolae_shop_gadgets, uniq_josephine
D:13:     minmay_isolated_rectangles_in_corner, layout_basic,
          grunt_vaults_entry_tiered, uniq_frances
D:14:     minmay_ornate_pinched, layout_rooms, nicolae_vehumet_radiance,
          minivault_14
D:15:     gammafunk_depths_entry_grave, layout_irregular_city, hex_medium
Lair:1:   layout_layer_cave, serial_bayou_shore_a
Lair:2:   layout_layer_cave, hellmonk_spider_entry_not_the_bees,
          grunt_megastairs_2, uniq_gastronok
Lair:3:   layout_cave_pods, minmay_swamp_entry_worms
Lair:4:   beast_lair_carwin_large_3, layout_cave_pods,
          dpeg_slime_entry_enclosed, minmay_lair_oklob_bushes,
          grunt_megastairs_1, infiniplex_staircase_pool_2, uniq_kirke
Lair:5:   due_jungle_book, layout_regular_city, enter_volcano_4,
          portal_ice_cave_entry_pillars_1, nicolae_lair_run_with_the_wolves
Swamp:1:  layout_basic_swamp, evilmike_swamp_ruin_house_2
Swamp:2:  nicolae_swamp_ascending_descending, layout_basic_swamp,
          evilmike_swamp_ruin_house_6, swamp_pool_4,
          nicolae_swamp_feature_on_the_river_bank, infiniplex_staircase_pool
Swamp:3:  layout_falls_marsh, evilmike_swamp_ruin_house_3, uniq_donald
Swamp:4:  swamp_vile, layout_basic_swamp, swamp_pool_1_2
Spider:1: layout_spider_delve, hellmonk_deceptive_appearances, uniq_roxanne
Spider:2: layout_chambers, nicolae_spider_eight_legs, uniq_arachne
Spider:3: layout_spider_delve, drop_trap, uniq_nikola
Spider:4: grunt_spider_rune_circles, uniq_agnes, uniq_mara
Orc:1:    layout_diamond_mine, basic_altar
Orc:2:    st_orc_open, layout_caves
Elf:1:    minmay_elf_arrival_plus, layout_geoelf_grid, serial_shops, shop,
          kennysheep_underground_church, abandoned_shop, grunt_megastairs_3
Elf:2:    nicolae_elf_blades_splatter_lattice [mumra_blade_entry_bloodbath],
          layout_geoelf_diagonals
Elf:3:    minmay_elf_hall_dome, layout_geoelf_grid
Vaults:1: hangedman_vaults_cutoff, dpeg_vaults_monster_row,
          vaults_room_grunt_arrival_ludios, nicolae_vaults_door_testing_chamber,
          vaults_dpeg_ring, nicolae_vaults_little_squares_4,
          nicolae_vaults_closet_pinwheel_4, nicolae_vaults_trapezoid_lopsided_1,
          vaults_room_hangedman_quadrants, nicolae_vaults_alarming,
          grunt_vaults_hallway_short, layout_vaults_omnigrid, serial_shops,
          nicolae_shop_crystal
Vaults:2: hangedman_vaults_corner, ontoclasm_vaults_spin, vaults_dpeg_hooks,
          vaults_dpeg_emergency_exit, v_misc_11, v_misc_18,
          nicolae_vaults_little_squares_3, nicolae_vaults_border_crossing,
          layout_vaults_chaotic_city, serial_shops, nicolae_shop_waterfront
Vaults:3: ebering_ghost_xom, nicolae_vaults_apartment_2, nicolae_vaults_house_1,
          v_misc_29, v_rooms_4, minmay_crypt_entry_necro_gods,
          nicolae_vaults_triangles, nicolae_vaults_trapezoid_4,
          nicolae_vaults_two_Ls, v_misc_15, hangedman_vaults_locks,
          vaults_room_door_ring, vaults_room_corners, layout_vaults_omnicross,
          serial_shops, bzr_firewalk
Vaults:4: nicolae_vaults_cochlea, v_misc_2, nicolae_vaults_minivaults,
          nicolae_vaults_big_ls, v_misc_27, nicolae_vaults_trapezoid_1,
          nicolae_vaults_storage_closets_3, grunt_vaults_diagonal, v_misc_2,
          v_pattern_5, vaults_room_ringed_pool, nicolae_vaults_tangram_1,
          layout_vaults_maze_snakey, uniq_margery
Vaults:5: serial_shops
Crypt:1:  layout_catacombs, special_room [special_room_morgue],
          tekkud_shop_of_orbs
Crypt:2:  minmay_guarded_unrand_sceptre_of_torment, layout_chaotic_city,
          grunt_megastairs_4, uniq_sojobo, uniq_josephina
Crypt:3:  quadcrypt_mu
Depths:1: layout_cave_pools, biasface_ghost_demon_polymorph,
          hangedman_coc_ice_floe, abyss_entry,
          nicolae_gozag_cash_rules_everything_around_me, firewood_loft
Depths:2: minmay_connected_triangles_in_corner, layout_gridlike,
          pf_hell_entry_tar_river, abyss_entry_flame_altar,
          grunt_pan_entry_in_and_out
Depths:3: minmay_the_grid_square_5x5_3x3 [minmay_the_grid_square_5x5_misaligned,
          minmay_the_grid_square_5x5_two_walls_b,
          minmay_the_grid_square_5x5_tetrominoes, minmay_the_grid_square_5x5_v,
          minmay_the_grid_square_5x5_megaprize_checkered,
          minmay_the_grid_square_5x5_almost_minimal,
          minmay_the_grid_square_5x5_three,
          minmay_the_grid_square_5x5_six_small, minmay_the_grid_square_5x5_c],
          layout_gridlike, chequers_serial_rivers_room_b, hell_entry,
          abyss_entry, nicolae_stop_n_shop_1, fedhas_altar_2
Depths:4: grunt_zot_entry_pinwheel, layout_cross, enter_ziggurat_f, hell_entry,
          uniq_boris
Zot:1:    layout_twisted_circle, uniq_grunn, uniq_tiamat
Zot:2:    regret_index_malice_mire, layout_basic, st_small_dragon_hoard_1
Zot:3:    layout_gridville
Zot:4:    hangedman_zot_vaults_quadrants, layout_concentric_octagons,
          lemuel_lake_of_fire
Zot:5:    layout_gridlike, st_stairs_5, grunt_ministairs_13

Skill      XL: |  1  2  3  4  5  6  7  8  9 10 11 12 13 14 15 16 17 18 19 20 21 22 23 24 25 |
---------------+----------------------------------------------------------------------------+-----
Ranged Weapons | 4 5 6 7 8 9 10 11 12 14 15 17 18 | 18.0
Fighting       | 5 6 8 9 10 11 13 14 16 17 19 20 22 24 | 24.7
Dodging        | 2 3 5 7 9 10 11 13 14 16 18 20 22 24 26 | 26.0
Armour         | 4 5 6 7 8 12 | 12.0
Evocations     | 3 7 9 11 | 11.0
Hexes          | 7 10 | 10.0
Translocations | 7 10 | 10.0
Spellcasting   | 2 5 10 | 10.0
Shields        | 12 16 | 16.0
Stealth        | |  0.8

Action                     |  1- 3 |  4- 6 |  7- 9 | 10-12 | 13-15 | 16-18 | 19-21 | 22-24 | 25-27 || total
---------------------------+-------+-------+-------+-------+-------+-------+-------+-------+-------++-------
   Fire: Shortbow          |    98 |    87 |   302 |       |       |       |       |       |       ||   487
         Arbalest          |       |       |   133 |   563 |  1073 |  1241 |  1579 |   758 |       ||  5347
         Hand cannon       |       |       |       |       |       |       |       |   772 |   558 ||  1330
   Cast: Dimensional Bulls |       |       |       |       |       |       |     2 |       |       ||     2
  Evoke: Phial of floods   |       |       |       |       |       |     2 |     1 |     1 |       ||     4
         Condenser vane    |       |       |       |       |       |     2 |     5 |     1 |     1 ||     9
         Phantom mirror    |       |       |       |       |       |     2 |     3 |     1 |       ||     6
         Wand              |       |       |       |       |       |     2 |       |       |     1 ||     3
         Lightning rod     |       |       |       |       |       |       |     1 |       |       ||     1
         Sack of spiders   |       |       |       |       |       |       |       |       |     1 ||     1
    Use: Scroll            |     5 |     3 |    15 |    10 |     2 |     9 |     5 |    23 |    10 ||    82
         Potion            |       |       |     2 |     2 |     3 |     5 |     3 |     8 |     9 ||    32
 Armour: Leather armour    |    20 |    20 |    88 |    98 |   155 |   143 |   207 |   158 |    58 ||   947
         Ring mail         |       |       |    81 |    14 |       |       |       |       |       ||    95
  Dodge: Dodged            |    14 |    11 |   155 |   179 |   643 |   695 |  1242 |   920 |   303 ||  4162
  Block: Kite shield       |       |       |       |       |       |       |       |   382 |   319 ||   701
